ESL (28 & UNDER)
KINGSTON IGUANAS @ NEWARK BULLDOGS
04/06/2028
 
TOP OF THE 1ST
Kingston Iguanas batting - Pitching for Newark Bulldogs : LHP Weston Harper
Pitching: LHP Weston Harper
Batting: RHB Bob Lee 0-0: Ball
1-0: Foul Ball, location: 2F
1-1: Foul Ball, location: 2F
1-2: Ball
2-2: Ground out 5-3 (Groundball, 56)
Batting: RHB Francisco Martínez 0-0: SINGLE (Line Drive, 34D)
Batting: LHB Dusty Wilson 0-0: Called Strike
0-1: Called Strike
0-2: Fly out, F7 (Flyball, 7D)
Batting: SHB Yasuhiro Ikarashi 0-0: Ball
1-0: Called Strike
1-1: Swinging Strike
1-2: Ball
2-2: Foul Ball, location: 2F
2-2: Foul Ball, location: 2F
2-2: Strikes out swinging
Top of the 1st over - 0 run(s), 1 hit(s), 0 error(s), 1 left on base; Kingston 0 - Newark 0
BOTTOM OF THE 1ST
Newark Bulldogs batting - Pitching for Kingston Iguanas : RHP Paço Boda
Pitching: RHP Paço Boda
Batting: LHB Gerardo Guzmán 0-0: Called Strike
0-1: Ball
1-1: Fly out, F7 (Flyball, 7D)
Batting: RHB Emílio Salas 0-0: Ball
1-0: Called Strike
1-1: Ball
2-1: Ball
3-1: Ground out 4-3 (Groundball, 4M)
Batting: RHB Tony Long 0-0: Ball
1-0: Swinging Strike
1-1: Ball
2-1: Ball
3-1: Base on Balls
Batting: RHB Randy Simons 0-0: Ball
1-0: Ball
2-0: Ball
3-0: Base on Balls
Tony Long to second
Batting: LHB Gabriel Aragón 0-0: Ball
1-0: Ball
2-0: Fielders Choice at 2nd, 4-6 (Groundball, 4)
Bottom of the 1st over - 0 run(s), 0 hit(s), 0 error(s), 1 left on base; Kingston 0 - Newark 0
TOP OF THE 2ND
Kingston Iguanas batting - Pitching for Newark Bulldogs : LHP Weston Harper
Batting: RHB Matt Rodríguez 0-0: Ball
1-0: Ground out 5-3 (Groundball, 5L)
Batting: LHB Gustavo Gómez 0-0: Foul Ball, location: 2F
0-1: Ground out 4-3 (Groundball, 4)
Batting: RHB Sergio Mata 0-0: Called Strike
0-1: Fly out, F2 (Popup, 2L)
Top of the 2nd over - 0 run(s), 0 hit(s), 0 error(s), 0 left on base; Kingston 0 - Newark 0
BOTTOM OF THE 2ND
Newark Bulldogs batting - Pitching for Kingston Iguanas : RHP Paço Boda
Batting: LHB Wes Stone 0-0: DOUBLE (Line Drive, 78XD)
Batting: RHB Joe Baker 0-0: Fly out, F8 (Line Drive, 8RXD)
Runner from 2nd tags up, SAFE at 3rd, no throw
Batting: LHB Wes Thompson 0-0: Ball
1-0: Ball
2-0: Swinging Strike
2-1: Ball
3-1: Base on Balls
Batting: RHB Wilson Flores 0-0: Called Strike
0-1: DOUBLE (Flyball, 78D)
Wes Stone scores
Wes Thompson to third
Batting: LHB Gerardo Guzmán 0-0: Ball
1-0: Ground out 6-3 (Groundball, 6)
Wes Thompson scores
Batting: RHB Emílio Salas 0-0: Ball
1-0: Foul Ball, location: 2F
1-1: Swinging Strike
1-2: Fly out, F6 (Line Drive, 6)
Bottom of the 2nd over - 2 run(s), 2 hit(s), 0 error(s), 1 left on base; Kingston 0 - Newark 2
TOP OF THE 3RD
Kingston Iguanas batting - Pitching for Newark Bulldogs : LHP Weston Harper
Batting: RHB Ken MacDonald 0-0: SINGLE (Line Drive, 4D)
Batting: SHB Devin Smith 0-0: Called Strike
0-1: SINGLE (Groundball, 34D)
Ken MacDonald to second
Runner from 2nd tries for 3rd, SAFE, throw made to third
Batting: RHB Bob Lee 0-0: Called Strike
0-1: Ball
1-1: Swinging Strike
1-2: Ground out 5-3 (Groundball, 5)
Ken MacDonald scores
Devin Smith to second
Batting: RHB Francisco Martínez 0-0: Foul Ball, location: 2F
0-1: Fly out, F4 (Line Drive, 4)
Batting: LHB Dusty Wilson 0-0: Ball
1-0: Ball
2-0: Ball
3-0: Called Strike
3-1: Swinging Strike
3-2: Base on Balls
Batting: SHB Yasuhiro Ikarashi 0-0: Fly out, F8 (Flyball, 8RM)
Top of the 3rd over - 1 run(s), 2 hit(s), 0 error(s), 2 left on base; Kingston 1 - Newark 2
BOTTOM OF THE 3RD
Newark Bulldogs batting - Pitching for Kingston Iguanas : RHP Paço Boda
Batting: RHB Tony Long 0-0: Fly out, F9 (Line Drive, 89M)
Batting: RHB Randy Simons 0-0: Foul Ball, location: 2F
0-1: Called Strike
0-2: Foul Ball, location: 2F
0-2: Ball
1-2: Ball
2-2: Hit by Pitch
Batting: LHB Gabriel Aragón 0-0: Ball
1-0: Called Strike
1-1: Foul Ball, location: 2F
1-2: Ball
2-2: Strikes out swinging
Batting: LHB Wes Stone 0-0: Foul Ball, location: 2F
0-1: Ball
1-1: Ball
2-1: DOUBLE (Line Drive, 9LM)
Randy Simons to third
Runner from 3rd tries for Home, throw and OUT!
Bottom of the 3rd over - 0 run(s), 1 hit(s), 0 error(s), 1 left on base; Kingston 1 - Newark 2
TOP OF THE 4TH
Kingston Iguanas batting - Pitching for Newark Bulldogs : LHP Weston Harper
Batting: RHB Matt Rodríguez 0-0: Ball
1-0: Ball
2-0: Called Strike
2-1: Ball
3-1: Base on Balls
Batting: LHB Gustavo Gómez 0-0: Foul Ball, location: 2F
0-1: Fly out, F7 (Flyball, 7S)
Batting: RHB Sergio Mata 0-0: Called Strike
0-1: Ball
1-1: Ball
2-1: Foul Ball, location: 2F
2-2: Grounds into double play, 4-6-3 (Groundball, 4)
Top of the 4th over - 0 run(s), 0 hit(s), 0 error(s), 0 left on base; Kingston 1 - Newark 2
BOTTOM OF THE 4TH
Newark Bulldogs batting - Pitching for Kingston Iguanas : RHP Paço Boda
Batting: RHB Joe Baker 0-0: Foul Ball, location: 2F
0-1: Swinging Strike
0-2: Ball
1-2: Ball
2-2: SINGLE (Groundball, 6D)
Batting: LHB Wes Thompson 0-0: Ball
1-0: Called Strike
1-1: Ball
2-1: Foul Ball, location: 2F
2-2: Fly out, F3 (Popup, 3L)
Batting: RHB Wilson Flores 0-0: Ball
1-0: Fly out, F9 (Flyball, 9LM)
Batting: LHB Gerardo Guzmán 0-0: Ball
1-0: Called Strike
1-1: Ball
2-1: Called Strike
2-2: Ball
3-2: Foul Ball, location: 2F
3-2: Ground out 6-3 (Groundball, 6)
Bottom of the 4th over - 0 run(s), 1 hit(s), 0 error(s), 1 left on base; Kingston 1 - Newark 2
TOP OF THE 5TH
Kingston Iguanas batting - Pitching for Newark Bulldogs : LHP Weston Harper
Batting: RHB Ken MacDonald 0-0: Fly out, F6 (Line Drive, 6)
Batting: SHB Devin Smith 0-0: Ball
1-0: Ball
2-0: Ball
3-0: Called Strike
3-1: Ground out 6-3 (Groundball, 6)
Batting: RHB Bob Lee 0-0: Fly out, F1 (Line Drive, 13S)
Top of the 5th over - 0 run(s), 0 hit(s), 0 error(s), 0 left on base; Kingston 1 - Newark 2
BOTTOM OF THE 5TH
Newark Bulldogs batting - Pitching for Kingston Iguanas : RHP Paço Boda
Batting: RHB Emílio Salas 0-0: Ball
1-0: Foul Ball, location: 2F
1-1: Swinging Strike
1-2: Strikes out swinging
Batting: RHB Tony Long 0-0: Swinging Strike
0-1: Ball
1-1: Fly out, F9 (Flyball, 9S)
Batting: RHB Randy Simons 0-0: Ball
1-0: Called Strike
1-1: Called Strike
1-2: Foul Ball, location: 2F
1-2: Ball
2-2: Ball
3-2: SINGLE (Line Drive, 78S)
Batting: LHB Gabriel Aragón 0-0: Ball
1-0: Foul Ball, location: 2F
1-1: Fly out, F8 (Flyball, 8LM)
Bottom of the 5th over - 0 run(s), 1 hit(s), 0 error(s), 1 left on base; Kingston 1 - Newark 2
TOP OF THE 6TH
Kingston Iguanas batting - Pitching for Newark Bulldogs : LHP Weston Harper
Batting: RHB Francisco Martínez 0-0: Foul Ball, location: 2F
0-1: Ground out 4-3 (Groundball, 4MD)
Batting: LHB Dusty Wilson 0-0: Called Strike
0-1: Ball
1-1: Ball
2-1: Ball
3-1: Base on Balls
Batting: SHB Yasuhiro Ikarashi 0-0: Called Strike
0-1: Swinging Strike
0-2: Grounds into double play, 6-4-3 (Groundball, 6)
Top of the 6th over - 0 run(s), 0 hit(s), 0 error(s), 0 left on base; Kingston 1 - Newark 2
BOTTOM OF THE 6TH
Newark Bulldogs batting - Pitching for Kingston Iguanas : RHP Paço Boda
Batting: LHB Wes Stone 0-0: Ball
1-0: Foul Ball, location: 2F
1-1: Ball
2-1: Ball
3-1: Called Strike
3-2: Fly out, F7 (Flyball, 7S)
Batting: RHB Joe Baker 0-0: Foul Ball, location: 2F
0-1: Ball
1-1: Ball
2-1: SOLO HOME RUN (Flyball, 78XD), Distance : 379 ft
Pitching: RHP Kel Meyer
Batting: LHB Wes Thompson 0-0: Called Strike
0-1: Ball
1-1: Ball
2-1: Ball
3-1: Base on Balls
Batting: RHB Wilson Flores 0-0: Ball
1-0: Ball
2-0: Called Strike
2-1: Ground out 5-3 (Groundball, 5S)
Wes Thompson to second
Batting: LHB Gerardo Guzmán 0-0: Ground out 4-3 (Groundball, 4)
Bottom of the 6th over - 1 run(s), 1 hit(s), 0 error(s), 1 left on base; Kingston 1 - Newark 3
TOP OF THE 7TH
Kingston Iguanas batting - Pitching for Newark Bulldogs : LHP Weston Harper
Batting: RHB Matt Rodríguez 0-0: Swinging Strike
0-1: Hit by Pitch
Batting: LHB Gustavo Gómez 0-0: Foul Ball, location: 2F
0-1: Ball
1-1: Swinging Strike
1-2: Strikes out looking
Batting: RHB Sergio Mata 0-0: Ball
1-0: Ball
2-0: Called Strike
2-1: Ground out 5-3 (Groundball, 56S)
Matt Rodríguez to second
Batting: RHB Ken MacDonald 0-0: Foul Ball, location: 2F
0-1: Foul Ball, location: 2F
0-2: Strikes out looking
Top of the 7th over - 0 run(s), 0 hit(s), 0 error(s), 1 left on base; Kingston 1 - Newark 3
BOTTOM OF THE 7TH
Newark Bulldogs batting - Pitching for Kingston Iguanas : RHP Kel Meyer
Batting: RHB Emílio Salas 0-0: Called Strike
0-1: Fly out, F7 (Line Drive, 7)
Batting: RHB Tony Long 0-0: Called Strike
0-1: Called Strike
0-2: Ball
1-2: Foul Ball, location: 2F
1-2: Ball
2-2: Ball
3-2: Strikes out swinging
Batting: RHB Randy Simons 0-0: Ball
1-0: Called Strike
1-1: Ground out 5-3 (Groundball, 56)
Bottom of the 7th over - 0 run(s), 0 hit(s), 0 error(s), 0 left on base; Kingston 1 - Newark 3
TOP OF THE 8TH
Kingston Iguanas batting - Pitching for Newark Bulldogs : LHP Weston Harper
Now at SS: Larry Booth
Batting: SHB Devin Smith 0-0: Ball
1-0: Ball
2-0: Ball
3-0: Called Strike
3-1: Foul Ball, location: 2F
3-2: Strikes out swinging
Batting: RHB Bob Lee 0-0: Ground out 4-3 (Groundball, 4)
Batting: RHB Francisco Martínez 0-0: Called Strike
0-1: Called Strike
0-2: Strikes out swinging
Top of the 8th over - 0 run(s), 0 hit(s), 0 error(s), 0 left on base; Kingston 1 - Newark 3
BOTTOM OF THE 8TH
Newark Bulldogs batting - Pitching for Kingston Iguanas : RHP Kel Meyer
Batting: LHB Gabriel Aragón 0-0: Swinging Strike
0-1: Swinging Strike
0-2: Ground out 4-3 (Groundball, 34)
Batting: LHB Wes Stone 0-0: Ball
1-0: Ball
2-0: Ball
3-0: Called Strike
3-1: Base on Balls
Pitching: LHP Ray McKnight
Batting: RHB Joe Baker 0-0: Called Strike
0-1: Swinging Strike
0-2: Ball
1-2: SINGLE (Flyball, 8LS)
Wes Stone to second
Runner from 2nd tries for 3rd, SAFE, no throw
Pinch Hitting: RHB Peter Sexton 0-0: Ball
1-0: Ball
2-0: Swinging Strike
2-1: Foul Ball, location: 2F
2-2: SINGLE (Line Drive, 4MD)
Wes Stone scores
Joe Baker to second
Batting: RHB Wilson Flores 0-0: Called Strike
0-1: Ball
1-1: Ball
2-1: Grounds into double play, 5-4-3 (Groundball, 5)
Bottom of the 8th over - 1 run(s), 2 hit(s), 0 error(s), 1 left on base; Kingston 1 - Newark 4
TOP OF THE 9TH
Kingston Iguanas batting - Pitching for Newark Bulldogs : LHP Weston Harper
Pitching: RHP Bart Brown
Now at 3B: Juan Martínez
Now in CF: Ángel Tuzzi
Now in RF: Iván Vázquez
Batting: LHB Dusty Wilson 0-0: Foul Ball, location: 2F
0-1: Ground out 4-3 (Groundball, 4)
Batting: SHB Yasuhiro Ikarashi 0-0: Swinging Strike
0-1: Ball
1-1: Foul Ball, location: 2F
1-2: Ground out 4-3 (Groundball, 4)
Batting: RHB Matt Rodríguez 0-0: Ground out 6-3 (Groundball, 6)
Top of the 9th over - 0 run(s), 0 hit(s), 0 error(s), 0 left on base; Kingston 1 - Newark 4
Tuesday, August 8th, 2017 - OOTP Baseball 17.12 Build 75